 Dungeon Crawl Stone Soup version 0.29.0-5-ge4962eb29e (webtiles) character file.

Game seed: 4303491293116879298

4441 apoch the Cleaver (level 10, 0/139 HPs)
             Began as a Hill Orc Fighter on Aug 30, 2022.
             Was an Elder of Wu Jian.
             Succumbed to a killer bee's poison
             ... on level 8 of the Dungeon.
             The game lasted 00:21:08 (9592 turns).

apoch the Cleaver (Hill Orc Fighter)                Turns: 9592, Time: 00:21:08

Health: 0/139      AC: 25    Str: 24    XL:     10   Next: 37%
Magic:  0/10       EV:  2    Int:  8    God:    Wu Jian [****..]
Gold:   1025       SH:  4    Dex: 10    Spells: 9/9 levels left

rFire   . . .      SeeInvis .   a - +0 broad axe
rCold   . . .      Faith    .   c - +0 buckler
rNeg    . . .      Spirit   +   (body armour currently unavailable)
rPois   +          Reflect  .   (helmet currently unavailable)
rElec   .          Harm     .   (cloak currently unavailable)
rCorr   .          Rampage  .   (gloves currently unavailable)
Will    .....      NoTele   +   (boots currently unavailable)
Stlth   +.........              y - amulet of guardian spirit
HPRegen 0.33/turn               (no ring)
MPRegen 0.12/turn               (no ring)

@: lethally poisoned (0 -> -2), tree-form
A: stationary, stasis, torment immunity, boosted hp
a: Renounce Religion, Wall Jump, Serpent's Lash


You were on level 8 of the Dungeon.
You worshipped Wu Jian.
Wu Jian was greatly pleased with you.
You were a tree.
You visited 2 branches of the dungeon, and saw 9 of its levels.
You also visited: Sewer, Ossuary and Bailey.

You collected 1025 gold pieces.

Inventory:

Hand Weapons
 a - a +0 broad axe (weapon)
 b - a +2 morningstar of flaming
 o - a +0 flail
 r - a +0 war axe
 t - a +0 whip of freezing
 O - a +0 broad axe
 P - a +0 broad axe
Missiles
 d - 10 stones (quivered)
 B - 14 poisoned darts
 G - 32 boomerangs
 H - 12 atropa-tipped darts
 J - 6 curare-tipped darts
Armour
 c - a +0 buckler (worn)
 e - a +0 pair of boots (melded)
 i - a +1 helmet (melded)
 j - a +0 chain mail (melded)
 K - a +0 scale mail
Jewellery
 v - a ring of fire
 y - an amulet of guardian spirit (around neck)
 I - a +6 ring of dexterity
 M - a ring of protection from cold
Wands
 k - a wand of flame (42)
 u - a wand of roots (4)
Scrolls
 f - 9 scrolls of identify
 h - 5 scrolls of teleportation
 m - 2 scrolls of blinking
 w - a scroll of fear
 A - 3 scrolls of immolation
 D - a scroll of enchant armour
 N - a scroll of poison
Potions
 g - 2 potions of cancellation {unknown}
 l - a potion of resistance
 n - 4 potions of mutation
 p - a potion of flight {unknown}
 q - 4 potions of attraction
 s - 2 potions of invisibility
 x - a potion of lignification
 z - 2 potions of heal wounds {unknown}
 C - a potion of might
 E - a potion of brilliance {unknown}
 F - a potion of berserk rage {unknown}
 L - a potion of degeneration


   Skills:
 - Level 10.0 Fighting
 - Level 12.0 Axes
 + Level 1.6 Throwing
 * Level 9.2 Armour
 + Level 2.9 Dodging
 - Level 3.2 Shields


You had 9 spell levels left.
You didn't know any spells.
Your spell library contained the following spells:

 Spells                   Type           Power      Damage    Failure   Level
 Freeze                   Ice            0%         1d3       50%         1
 Blink                    Tloc           0%         N/A       65%         2
 Frozen Ramparts          Ice            0%         1d1       86%         3
 Hailstorm                Conj/Ice       0%         3d3       99%         4
 Manifold Assault         Tloc           0%         N/A       100%        5
 Storm Form               Tmut/Air       0%         N/A       100%        7


Dungeon Overview and Level Annotations

Branches:
Dungeon (8/15)             Temple (1/1) D:5           Sewer (visited)
Ossuary (visited)          Bailey (visited)
   Lair: D:8-11

Altars:
Ashenzari
Hepliaklqana
Makhleb
Vehumet
Wu Jian
Xom
Yredelemnul
Zin
The Shining One

Annotations:
D:6 2 transporters
D:8 1 transporter


Message History

* * * LOW HITPOINT WARNING * * *
You feel very sick. You block the killer bee's attack.
The killer bee stings you but does no damage.
The ice beast completely misses you.
You miss the killer bee.
The killer bee is heavily wounded.
You slash the ice beast!
* * * LOW HITPOINT WARNING * * *
You feel sick. The killer bee barely misses you.
The killer bee stings you but does no damage.
The ice beast hits you but does no damage.
Okay, then.
Really quaff the potion of lignification?
You turn into a tree.
Your +1 helmet melds into your body.
Your +0 pair of boots melds into your body.
Your +0 chain mail melds into your body.
Your roots penetrate the ground.
You feel sick. The killer bee stings you.
* * * LOW HITPOINT WARNING * * *
The killer bee completely misses you.
The ice beast hits you but does no damage.
You barely miss the killer bee.
The killer bee is heavily wounded.
You slash the ice beast!
You kill the ice beast!
The Council accepts your kill.
* * * LOW HITPOINT WARNING * * *
You feel sick.
The killer bee stings you but does no damage.
The killer bee barely misses you.
You miss the killer bee.
The killer bee is heavily wounded.
* * * LOW HITPOINT WARNING * * *
You feel sick.
The killer bee stings you but does no damage.
The killer bee stings you.
* * * LOW HITPOINT WARNING * * *
You slash the killer bee!
The killer bee is almost dead.
You die...

##..###.... # .)#....#.
........... ..
...#...... #.##
.........####### ..# #
#............. #.# .
#..........### ###.##.
#..|.....>.## #......
..yy..##....♣...##
#...).. ##..#
#.....y....######...)<#
#.
#................<.)..#
#..........#####.######
#..........# #.#
#....†.....#####.######
#######................
#######...............#
8#8.......~~~≈~~~.#.####


You could see a killer bee.

Vanquished Creatures
  Pikel (D:4)
  Maggie (D:7)
  Duvessa (D:4)
  An ice beast (D:8)
  6 orc warriors
  Pargi (Sewer)
  5 ogres
  A black bear (D:7)
  A centaur (D:7)
  Blork the orc (D:4)
  5 kobold brigands
  A lemure (D:4)
  A phantom (D:6)
  A bullfrog (D:8)
  10 scorpions
  Dowan (D:4)
  5 killer bees (D:8)
  A centaur zombie (Ossuary)
  3 jellies
  A human zombie (Ossuary)
  An orc priest (D:7)
  4 hounds
  5 iguanas
  3 orc wizards (D:7)
  3 scorpion zombies (Ossuary)
  3 mummies (Ossuary)
  A gnoll (D:6)
  11 adders
  A white imp (D:5)
  An ufetubus (D:5)
  3 dart slugs
  15 orcs
  3 endoplasms
  5 giant cockroaches
  2 gnoll zombies (Ossuary)
  5 goblins
  4 hobgoblins
  6 jackals (D:1)
  3 quokkas
  9 ball pythons
  5 bats
  6 frilled lizards
  4 goblin zombies (Ossuary)
  4 hobgoblin zombies (Ossuary)
  24 kobolds
  3 kobold zombies (Ossuary)
  2 orc zombies (Ossuary)
  4 rats
188 creatures vanquished.

Notes
Turn   | Place    | Note
-------+----------+-------------------------------------------
     0 | D:1      | apoch the Hill Orc Fighter began the quest for the Orb.
     0 | D:1      | Reached XP level 1. HP: 19/19 MP: 1/1
    65 | D:1      | Reached skill level 3 in Axes
    69 | D:1      | Reached XP level 2. HP: 17/27 MP: 2/2
   837 | D:1      | Found a faded altar of an unknown god.
   841 | D:1      | Reached XP level 3. HP: 33/33 MP: 3/3
   854 | D:1      | Prayed at the altar of an unknown god.
   854 | D:1      | Became a worshipper of the Wu Jian Council
   854 | D:1      | Reached * piety under Wu Jian
  1356 | D:2      | Reached skill level 4 in Axes
  1356 | D:2      | Reached XP level 4. HP: 33/40 MP: 4/4
  1986 | D:3      | Found a burning altar of Makhleb.
  2020 | D:3      | Found a glowing drain.
  2062 | Sewer    | Entered a sewer
  2073 | Sewer    | Reached skill level 5 in Axes
  2085 | Sewer    | Noticed Pargi
  2100 | Sewer    | Reached XP level 5. HP: 45/47 MP: 5/5
  2121 | Sewer    | Killed Pargi
  2121 | Sewer    | Reached ** piety under Wu Jian
  2473 | D:3      | Reached skill level 5 in Fighting
  2473 | D:3      | Reached XP level 6. HP: 51/56 MP: 6/6
  2663 | D:3      | Found a broken altar of Ashenzari.
  2666 | D:3      | Reached skill level 6 in Axes
  3062 | D:4      | Found a shimmering altar of Xom.
  3113 | D:4      | Found a sand-covered staircase.
  3114 | D:4      | Noticed Pikel
  3132 | D:4      | Killed Pikel
  3133 | D:4      | Reached skill level 8 in Axes
  3133 | D:4      | Reached skill level 5 in Armour
  3133 | D:4      | Reached XP level 7. HP: 32/63 MP: 7/7
  3289 | Ossuary  | Entered an ossuary
  3360 | Ossuary  | Reached XP level 8. HP: 69/71 MP: 8/8
  3517 | Ossuary  | Reached skill level 9 in Axes
  4220 | D:4      | Reached *** piety under Wu Jian
  4292 | D:4      | Noticed Dowan
  4299 | D:4      | Killed Dowan
  4300 | D:4      | Reached skill level 10 in Axes
  4303 | D:4      | Noticed Duvessa
  4304 | D:4      | Noticed Blork the orc
  4314 | D:4      | HP: 3/73 [Duvessa/+0 short sword (12)]
  4678 | D:4      | Killed Duvessa
  4678 | D:4      | HP: 3/73 [dart slug/slug dart (2)]
  5080 | D:4      | Killed Blork the orc
  5261 | D:4      | Reached XP level 9. HP: 78/79 MP: 7/9
  5322 | D:4      | Found a hazy altar of Hepliaklqana.
  5409 | D:4      | Found a glowing golden altar of the Shining One.
  5414 | D:4      | Found a basalt altar of Yredelemnul.
  5416 | D:4      | Noticed a profane servitor
  5422 | D:4      | Noticed an angel
  5447 | D:5      | Entered Level 5 of the Dungeon
  5449 | D:5      | Found a staircase to the Ecumenical Temple.
  5463 | Temple   | Entered the Ecumenical Temple
  5823 | D:5      | Found an ornate altar of the Wu Jian Council.
  5847 | D:5      | Reached skill level 11 in Axes
  6787 | D:5      | Found a glowing silver altar of Zin.
  7642 | D:6      | Found a transporter.
  7729 | D:6      | Found a transporter.
  7852 | D:6      | Reached skill level 12 in Axes
  8221 | D:7      | Reached skill level 1 in Dodging
  8378 | D:7      | Found a radiant altar of Vehumet.
  8397 | D:7      | Noticed Maggie
  8409 | D:7      | Killed Maggie
  8677 | D:7      | Reached XP level 10. HP: 91/91 MP: 10/10
  8841 | D:8      | Found a flagged portal.
  8853 | Bailey   | Entered a bailey
  8869 | Bailey   | Reached **** piety under Wu Jian
  9168 | Bailey   | Reached skill level 10 in Fighting
  9244 | Bailey   | Found a bloodstained altar of Trog.
  9278 | Bailey   | Reached skill level 1 in Throwing
  9521 | D:8      | Found a transporter.
  9588 | D:8      | HP: 4/93 [poisoned by a killer bee]
  9591 | D:8      | HP: 1/139 [killer bee (2)]
  9592 | D:8      | Succumbed to a killer bee's poison

Illustrated notes

Levels and vault maps discovered:
D:1:      scummos_arrival_hexagon, layout_basic,
          hellmonk_ecumenical_altar_lost_god
D:2:      layout_rooms, minmay_tetromino_i4
D:3:      layout_rooms, evilmike_ruin_ashenzari,
          mainiacjoe_overflow_six_doors_small, gup_sewer_entry_bowl,
          minmay_misc_feat_five
D:4:      layout_basic, grunt_temple_overflow_holy_war, lemuel_crystal_altar,
          mainiacjoe_overflow_boulevard, enter_ossuary_3, uniq_duvessa,
          uniq_pikel, uniq_blork_the_orc
D:5:      layout_cave_pods, lemuel_coloured_pillars_altar, kennysheep_mini_moat,
          temple_green
D:6:      gammafunk_steamed_eel, layout_basic, nicolae_fountain_basement
D:7:      layout_cave_pools, vehumet_altar_wand_db, uniq_maggie
D:8:      layout_rooms, grunt_temple_overflow_forces_of_nature,
          mainiacjoe_overflow_alcove_1, nicolae_ru_sacrificial_ziggurat,
          nicolae_sif_muna_little_library, enter_bailey_3,
          minmay_misc_feat_doors, nicolae_diode_stairs
Temple:   ebering_the_none_and_only

Skill      XL: |  1  2  3  4  5  6  7  8  9 10 |
---------------+-------------------------------+-----
Axes           | 3 4 5 8 10 12 | 12.0
Fighting       | 4 5 6 7 9 10 | 10.0
Armour         | 4 5 6 8 9 |  9.2
Dodging        | 1 2 |  2.9
Throwing       | 1 |  1.6
Shields        | |  3.2

Action                   |  1- 3 |  4- 6 |  7- 9 | 10-12 || total
-------------------------+-------+-------+-------+-------++-------
Melee: War axe           |    61 |   140 |   355 |    80 ||   636
       Broad axe         |       |       |       |    21 ||    21
Throw: Stone             |     7 |    10 |    25 |       ||    42
Invok: Lunge             |       |     5 |    15 |     5 ||    25
       Whirlwind         |       |     2 |    13 |    12 ||    27
       Serpent's Lash    |       |       |     1 |     1 ||     2
  Use: Scroll            |       |     9 |     8 |     1 ||    18
       Potion            |       |     1 |     4 |     2 ||     7
Armor: Scale mail        |    24 |    91 |    62 |       ||   177
       Chain mail        |       |       |   124 |    76 ||   200
       Skin              |       |       |       |     3 ||     3
Dodge: Dodged            |    27 |    73 |   109 |    58 ||   267
Block: Buckler           |    14 |    41 |    71 |    23 ||   149
